 Dungeon Crawl Stone Soup version 0.29-a0-284-gf9362112df (webtiles) character file.

Game seed: 4559082007853550136

142630 cojito the Severer (level 16, -16/217 HPs)
             Began as a Palentonga Berserker on Mar 31, 2022.
             Was a High Priest of Trog.
             Demolished by an 11-headed hydra (17 damage)
             ... called by a spriggan druid
             ... on level 3 of the Swamp.
             The game lasted 01:08:31 (31342 turns).

cojito the Severer (Palentonga Berserker)          Turns: 31342, Time: 01:08:32

Health: -16/217    AC: 39    Str: 29      XL:     16   Next: 80%
Magic:  16/16      EV:  6    Int:  8 (10) God:    Trog [*****.]
Gold:   1728       SH: 12    Dex: 11      Spells: 15/15 levels left

rFire   . . .      SeeInvis +   a - +6 broad axe
rCold   + + +      Faith    .   k - +0 kite shield
rNeg    . . .      Spirit   .   r - +9 plate armour of Morality {rC+ Regen+ Str+2}
rPois   +          Reflect  .   e - +3 crown of Dyrovepreva {rElec Int+2 SInv}
rElec   +          Harm     .   X - +1 cloak "Tibuomn" {rElec rC++}
rCorr   .          Rampage  .   R - +2 pair of gloves
Will    ++...                   (no barding)
Stlth   ..........              V - amulet of regeneration
HPRegen 2.06/turn               U - ring of willpower
MPRegen 0.15/turn               Z - ring of poison resistance

@: berserking, afraid, studying Armour, curled up, very quick
A: large, rugged brown scales 3, see invisible, deformed body, roll 1, armoured
tail, reflexive curl
a: Rolling Charge, Renounce Religion, Berserk, Trog's Hand, Brothers in Arms


You were on level 3 of the Swamp.
You worshipped Trog.
Trog was extremely pleased with you.
You visited 4 branches of the dungeon, and saw 26 of its levels.
You also visited: Gauntlet.

You collected 4250 gold pieces.
You spent 2522 gold pieces at shops.

Inventory:

Hand Weapons
 a - a +6 broad axe (weapon)
 b - a +0 whip of electrocution
 A - a +6 vorpal war axe
 B - a +3 broad axe of chaos
 L - the +5 scythe "Finisher" {speed, eviscerate}
   (You found it in a Gauntlet)

   Attacks with this weapon are significantly faster.
   It may eviscerate those it strikes, slaying them instantly, with a decreasing
   chance against stronger foes.
Armour
 e - the +3 crown of Dyrovepreva (worn) {rElec Int+2 SInv}
   (You found it on level 8 of the Dungeon)

   Int:       It affects your intelligence (+2).
   rElec:     It insulates you from electricity.
   SInv:      It lets you see invisible.
 k - a +0 kite shield (worn)
 r - the +9 plate armour of Morality (worn) {rC+ Regen+ Str+2}
   (You bought it in a shop on level 2 of the Orcish Mines)

   Str:       It affects your strength (+2).
   rC:        It protects you from cold.
   Regen:     It increases your rate of health regeneration.
 R - a +2 pair of gloves (worn)
 X - the +1 cloak "Tibuomn" (worn) {rElec rC++}
   (You bought it in a shop on level 11 of the Dungeon)

   rC:        It greatly protects you from cold.
   rElec:     It insulates you from electricity.
Jewellery
 g - a ring of protection from fire
 j - a +6 ring of strength
 p - a ring of positive energy
 u - a ring of protection from fire
 x - a +4 ring of protection
 z - a ring of willpower
 G - the ring of the Invisible Hand {Wiz rPois rF- rC+}
   (You found it in a Gauntlet)

   [ring of wizardry]

   It improves your spell success rate.
   rF:        It makes you vulnerable to fire.
   rC:        It protects you from cold.
   rPois:     It protects you from poison.
 Q - a +6 ring of dexterity
 U - a ring of willpower (left hand)
 V - an amulet of regeneration (around neck)
 Z - a ring of poison resistance (right hand)
Wands
 t - a wand of iceblast (33)
 w - a wand of digging (3)
 J - a wand of paralysis (10)
 W - a wand of flame (24)
 Y - a wand of mindburst (7)
Scrolls
 d - 2 scrolls of vulnerability
 f - 6 scrolls of blinking
 m - a scroll of magic mapping
 n - 2 scrolls of fog
 q - 2 scrolls of identify
 y - 2 scrolls of fear
 D - 2 scrolls of holy word
 E - a scroll of enchant armour
 I - 6 scrolls of immolation
 N - 9 scrolls of teleportation
Potions
 c - 2 potions of mutation
 h - a potion of magic
 i - 7 potions of cancellation
 l - 6 potions of flight
 o - 4 potions of resistance
 v - 3 potions of berserk rage
 C - 16 potions of curing
 F - a potion of might
 H - 11 potions of ambrosia
 K - 4 potions of attraction
 P - 3 potions of heal wounds
 S - 2 potions of invisibility
 T - 6 potions of haste
Miscellaneous
 s - a tin of tremorstones (inert)
 M - a condenser vane (inert)
 O - a phial of floods


   Skills:
 + Level 15.1 Fighting
 + Level 15.2 Axes
 + Level 13.6 Armour
 - Level 2.2 Dodging
 + Level 12.5 Shields
 + Level 9.7 Evocations


You had 15 spell levels left.
You didn't know any spells.
Your spell library was empty.

Dungeon Overview and Level Annotations

Branches:
Dungeon (15/15)            Temple (0/1) D:7            Lair (6/6) D:10
  Swamp (3/4) Lair:4        Snake (0/4) Lair:2        Slime (0/5) Lair:5
    Orc (2/2) D:11            Elf (0/3) Orc:2        Vaults (0/5) D:14
 Depths (0/4) D:15        Gauntlet (visited)

Altars:
Dithmenos
Elyvilon
Gozag
Trog
Yredelemnul
Beogh
Lugonu

Shops:
D:1 !   D:5 *   D:11 =[[*=(   D:13 ?*   D:14 [   Orc:2 *(:[

Portals:
Abyss: Lair:6

Annotations:
Lair:1 2 transporters, Lutem's ghost, journeyman MiFi
Swamp:3 Mlioglotl


Innate Abilities, Weirdness & Mutations

You are completely covered in rugged brown scales. (AC +3, +7% HP)
You have supernaturally acute eyesight. (SInv)
Armour fits poorly on your strangely shaped body.
You can roll at nearby foes to attack.
You have a long armoured tail.
You curl defensively after being hit. (AC +7*)


Message History

The tyrant leech looks as sick as possible!
The tyrant leech bites you but does no damage.
You attempt to attack Mlioglotl, but flinch away in fear!
The thrashing horror roars!
You hear a roar!
The thrashing horror tramples you.
* * * LOW HITPOINT WARNING * * *
You hold your ground!
The thrashing horror tramples you but does no damage.
Mlioglotl hits you but does no damage. Mlioglotl tramples you!
* * * LOW HITPOINT WARNING * * *
You hold your ground!
The alligator is engulfed in poison gas.
The alligator looks as sick as possible!
You block the 11-headed hydra's attack. The 11-headed hydra barely misses you.
The 11-headed hydra bites you but does no damage.
The 11-headed hydra bites you!!
* * * LOW HITPOINT WARNING * * *
You block the 11-headed hydra's attack. The 11-headed hydra bites you.
* * * LOW HITPOINT WARNING * * *
The 11-headed hydra bites you but does no damage. x4
The 11-headed hydra bites you.
* * * LOW HITPOINT WARNING * * *
A swamp worm comes into view. x2; A swamp drake comes into view.
The swamp dragon breathes poison at you.
The blast of poison engulfs the thrashing horror.
The thrashing horror completely resists.
You attempt to attack Mlioglotl, but flinch away in fear!
The thrashing horror tramples you but does no damage.
You block the thrashing horror's attack.
You block Mlioglotl's attack. Mlioglotl tramples you!
* * * LOW HITPOINT WARNING * * *
You hold your ground!
The 11-headed hydra bites you but does no damage.
The 11-headed hydra barely misses you.
The 11-headed hydra bites you but does no damage.
You block the 11-headed hydra's attack. The 11-headed hydra bites you.
* * * LOW HITPOINT WARNING * * *
The 11-headed hydra bites you but does no damage.
The 11-headed hydra bites you!
You die...

♣♣≈≈≈≈≈.≈≈≈≈≈°≈≈≈#♣
♣≈≈≈≈≈w≈..≈≈≈z5X≈.♣
♣♣.≈≈≈≈.........°♣
♣≈≈≈≈≈.###..i3#☼°♣♣
♣♣......#.)..##.#..♣
♣.≈.♣..####......#..
♣≈§§♣X§♣.i...#......
♣♣§Xw#3♣♣♣......###.
♣♣@XtD§≈♣>§≈...#
♣D5WD....§≈.....
§≈≈≈≈≈.♣♣≈§X5≈.≈..≈.[..##..
≈≈≈≈§≈§.k.≈≈≈..≈≈♣....... .
≈≈≈≈≈≈≈§#≈≈.≈§≈..........
§≈≈≈[.w§§≈≈.....###.....#
≈≈..§.§≈≈.......#..##..
.(≈≈≈≈§≈≈≈..## ♣≈.§≈≈...♣


You could see Mlioglotl (scary), an alligator (swift, extremely poisoned), a
11-headed hydra (strong), a seven-headed hydra (strong), a swamp dragon, a
tyrant leech (strong, extremely poisoned), 2 thrashing horrors, a large
abomination (summoned), 2 swamp worms, a neqoxec (summoned), a swamp drake, a
shadow (summoned, invisible) and 2 iron imps.

Vanquished Creatures
  Jorgrun (D:12)
  A tentacled monstrosity (Swamp:1)
  4 ghouls (Swamp:1)
  An eleionoma (Swamp:2)
  A minotaur (Gauntlet)
  The ghost of Mipha the Thaumaturge, a journeyman DjCj of Makhleb (D:12)
  A dire elephant (Orc:1)
  4 bunyips
  A fire dragon (D:15)
  An ice dragon (D:15)
  Erolcha (D:11)
  A ghost crab (Swamp:3)
  3 boulder beetles
  2 ogre magi
  A catoblepas (Lair:3)
  5 centaur warriors
  8 hydras
  6 alligators
  2 death knights
  10 two-headed ogres
  A tengu warrior (D:14)
  5 thrashing horrors
  9 death yaks
  6 orc high priests (Orc:2)
  Amaemon (D:12)
  Sonja (Lair:4)
  A deep elf knight (D:14)
  5 goliath frogs
  3 skeletal warriors
  A large abomination (Lair:6)
  3 spriggan druids
  A deep elf zephyrmancer (D:14)
  A wizard (D:14)
  3 bog bodies
  Pikel (D:7)
  3 deep elf pyromancers
  A swamp dragon (Swamp:1)
  A wolf spider (Lair:4)
  17 ugly things
  A lindwurm (D:8)
  4 manticores
  3 orc sorcerers (Orc:2)
  8 orc knights
  5 cyclopes
  3 will-o-the-wisps
  A shining eye (shapeshifter) (Lair:6)
  11 elephants
  8 black mambas
  Maurice (D:12)
  A torpor snail (Lair:5)
  A gargoyle (D:11)
  8 cane toads
  An unseen horror (D:7)
  A minotaur zombie (Gauntlet)
  3 kobold demonologists
  An orange demon (D:12)
  An ancient zyme (Lair:6)
  3 rime drakes
  A freezing wraith (D:13)
  9 yaktaurs
  11 komodo dragons
  A troll (shapeshifter) (Lair:6)
  3 meliai (D:14)
  6 trolls
  2 queen bees
  A hornet (shapeshifter) (Lair:6)
  A polar bear (Lair:3)
  2 tyrant leeches
  5 hornets
  20 slime creatures
  28 blink frogs
  3 dream sheep (Lair:5)
  Sigmund (D:4)
  9 spriggans
  A jumping spider (D:8)
  3 wraiths
  54 yaks
  A shadow (D:12)
  A ynoxinul (Lair:6)
  A water elemental (D:11)
  5 wyverns (D:10)
  9 basilisks
  3 chaos spawn (Lair:6)
  A steam dragon (D:6)
  7 vampire mosquitoes
  2 redbacks (D:8)
  10 small abominations
  Menkaure (D:5)
  2 acid dragons
  6 wargs (Orc:2)
  6 swamp worms
  A water moccasin (shapeshifter) (D:10)
  15 water moccasins
  29 orc warriors
  2 black bears
  A swamp drake (Swamp:1)
  10 ogres
  An ogre (shapeshifter) (D:14)
  3 sky beasts
  15 wolves (Lair:4)
  8 centaurs
  3 lemures (D:7)
  5 kobold brigands
  8 bullfrogs
  3 necrophages
  5 scorpions
  5 wights (D:9)
  37 killer bees
  5 howler monkeys
  2 electric eels
  3 lava snakes (D:8)
  17 jellies
  17 orc priests
  3 gnoll shamans
  4 hounds
  3 iguanas
  2 hell rats (Lair:1)
  22 orc wizards
  19 gnolls
  10 adders
  9 river rats (Lair:1)
  4 shadow imps
  A white imp (D:7)
  2 ufetubi (D:5)
  4 worms
  2 dart slugs
  99 orcs
  13 endoplasms
  3 giant cockroaches (D:4)
  13 goblins
  6 hobgoblins
  6 jackals
  35 kobolds
  4 quokkas
  7 ball pythons
  5 bats
  4 frilled lizards
  4 rats
  A butterfly (D:7)
880 creatures vanquished.

Vanquished Creatures (collateral kills)
  A hydra (Swamp:1)
  Nergalle (D:10)
  A spriggan druid (Swamp:1)
  An ancient zyme (Lair:6)
  2 swamp worms (Swamp:1)
  2 small abominations (Lair:6)
  2 kobold brigands (D:10)
  A kobold (D:10)
11 creatures vanquished.

Vanquished Creatures (others)
  A bloated husk (Swamp:1)
  A hornet (Swamp:3)
  An orc priest (D:14)
  A bush (Lair:5)
  19 foxfires
  54 fungi
  87 plants
  2 withered plants (Gauntlet)
166 creatures vanquished.

Grand Total: 1057 creatures vanquished

Notes
Turn   | Place    | Note
-------+----------+-------------------------------------------
     0 | D:1      | cojito the Palentonga Berserker began the quest for the
                  | Orb.
     0 | D:1      | Reached XP level 1. HP: 19/19 MP: 1/1
   379 | D:1      | Reached XP level 2. HP: 25/25 MP: 2/2
   631 | D:1      | Found Qilecodd's Distillery.
  1136 | D:2      | Reached XP level 3. HP: 31/31 MP: 3/3
  1239 | D:2      | Reached ** piety under Trog
  1818 | D:2      | Reached XP level 4. HP: 34/37 MP: 4/4
  2677 | D:3      | Found a faded altar of an unknown god.
  2770 | D:3      | Noticed a water moccasin
  2778 | D:3      | Killed a water moccasin
  2779 | D:3      | Reached skill level 1 in Shields
  2779 | D:3      | Reached XP level 5. HP: 44/44 MP: 5/5
  2977 | D:4      | Noticed a black bear
  2984 | D:4      | Killed a black bear
  2985 | D:4      | Reached XP level 6. HP: 51/51 MP: 6/6
  3113 | D:4      | Reached skill level 1 in Evocations
  3549 | D:4      | Reached *** piety under Trog
  3645 | D:4      | Noticed Sigmund
  3661 | D:4      | Killed Sigmund
  3662 | D:4      | Gained mutation: You curl defensively after being hit. (AC
                  | +7*) [Palentonga growth]
  3662 | D:4      | Reached XP level 7. HP: 58/58 MP: 7/7
  3990 | D:5      | Entered Level 5 of the Dungeon
  4101 | D:5      | Noticed Menkaure
  4107 | D:5      | Killed Menkaure
  4121 | D:5      | Reached skill level 5 in Fighting
  4121 | D:5      | Reached skill level 5 in Axes
  4319 | D:5      | Found an opulent altar of Gozag.
  4697 | D:5      | Found Gozag's Platinum Reserve.
  5035 | D:6      | Reached XP level 8. HP: 66/66 MP: 8/8
  5066 | D:5      | Reached skill level 5 in Shields
  5066 | D:5      | Reached skill level 5 in Evocations
  5066 | D:5      | Reached XP level 9. HP: 62/78 MP: 9/9
  5239 | D:5      | Identified the +10 whip "Lexela" {vorpal, *Rage rF+ Dex+4}
  5930 | D:6      | Found a white marble altar of Elyvilon.
  6370 | D:7      | Found a basalt altar of Yredelemnul.
  6371 | D:7      | Found a staircase to the Ecumenical Temple.
  6382 | D:7      | Reached **** piety under Trog
  6480 | D:7      | Noticed Pikel
  6518 | D:7      | Paralysed by a hornet for 2 turns
  6733 | D:7      | Reached XP level 10. HP: 78/86 MP: 10/10
  6953 | D:7      | Killed Pikel
  7752 | D:8      | Found a runed translucent door.
  7753 | D:8      | Found the +3 crown of Dyrovepreva {rElec Int+2 SInv}
  7816 | D:8      | Found a runed translucent gate.
  7817 | D:8      | Noticed a boulder beetle
  7818 | D:8      | Found a runed translucent gate.
  7820 | D:8      | Found a runed translucent gate.
  7820 | D:8      | Found a runed translucent gate.
  7820 | D:8      | Found a runed translucent gate.
  7820 | D:8      | Noticed a lindwurm
  7988 | D:8      | Found a runed translucent gate.
  8006 | D:8      | Killed a boulder beetle
  8058 | D:8      | Killed a lindwurm
  8859 | D:9      | Noticed a two-headed ogre
  8867 | D:9      | Killed a two-headed ogre
  8868 | D:9      | Reached XP level 11. HP: 95/95 MP: 11/11
  9164 | D:9      | Reached ***** piety under Trog
  9965 | D:9      | Found a shadowy altar of Dithmenos.
 10202 | D:10     | Entered Level 10 of the Dungeon
 10444 | D:10     | Noticed a two-headed ogre
 10455 | D:10     | Killed a two-headed ogre
 10462 | D:10     | Noticed a two-headed ogre
 10467 | D:10     | Reached skill level 10 in Fighting
 10467 | D:10     | Reached skill level 10 in Axes
 10473 | D:10     | Killed a two-headed ogre
 10788 | D:10     | Found a staircase to the Lair.
 11366 | D:10     | Identified the +0 rapier of Resumed Hostilities {protect,
                  | rCorr}
 11576 | D:10     | Noticed Nergalle
 11589 | D:10     | Killed Nergalle
 11638 | D:10     | Reached XP level 12. HP: 94/103 MP: 12/12
 11859 | Lair:1   | Entered Level 1 of the Lair of Beasts
 11874 | Lair:1   | Noticed a death yak
 11880 | Lair:1   | Noticed a death yak
 11885 | D:10     | Killed a death yak
 11887 | Lair:1   | Noticed a death yak
 11887 | Lair:1   | Noticed a death yak
 11889 | Lair:1   | Noticed a death yak
 11897 | D:10     | Killed a death yak
 11899 | D:10     | a death yak changed into a shapeshifter
 11975 | D:10     | Killed a death yak
 11978 | D:10     | Killed a death yak
 12250 | Lair:1   | Found a transporter.
 12331 | Lair:1   | Reached ****** piety under Trog
 13016 | Lair:1   | Noticed an eight-headed hydra
 13026 | Lair:1   | Killed an eight-headed hydra
 13026 | Lair:1   | Received a gift from Trog
 13126 | Lair:1   | Found a transporter.
 13128 | Lair:1   | Noticed Lutem's ghost (journeyman MiFi)
 13143 | Lair:1   | Found a bloodstained altar of Trog.
 13535 | Lair:2   | You fall into a shaft and drop 1 floor!
 13546 | Lair:2   | Found a staircase to the Snake Pit.
 14353 | Lair:3   | Noticed a six-headed hydra
 14604 | Lair:4   | Identified the +3 robe "Kuraila" {+Inv Str+2 SInv}
 14607 | Lair:4   | Identified the +5 hand axe of Nightmares {protect, *Corrode
                  | Int+7}
 14794 | Lair:3   | Killed a six-headed hydra
 15540 | Lair:3   | Noticed a catoblepas
 15552 | Lair:3   | Killed a catoblepas
 15553 | Lair:3   | Reached XP level 13. HP: 88/113 MP: 13/13
 17135 | Lair:4   | Noticed Sonja
 17137 | Lair:4   | Killed Sonja
 17257 | Lair:4   | Found a staircase to the Swamp.
 17287 | Lair:4   | Reached skill level 10 in Armour
 19047 | Lair:4   | Reached skill level 10 in Shields
 19733 | Lair:5   | Identified the +9 great sword of Starshine {flame, rN+
                  | Int+2}
 19870 | Lair:5   | Reached XP level 14. HP: 51/124 MP: 14/14
 20342 | Lair:5   | Found a staircase to the Slime Pits.
 20622 | Lair:6   | Entered Level 6 of the Lair of Beasts
 20769 | Lair:6   | Received a gift from Trog
 21573 | Lair:6   | Identified the +3 falchion of Nightmares {freeze, *Noise
                  | rC+ SInv}
 21584 | Lair:6   | Paralysed by a hornet for 1 turns
 21984 | Lair:6   | Found a corrupted altar of Lugonu.
 21984 | Lair:6   | Found a one-way gate to the infinite horrors of the Abyss.
 22519 | D:11     | Found Hixyib's Assorted Antiques.
 22522 | D:11     | Bought a fluorescent wand for 156 gold pieces
 22556 | D:11     | Found Oqe Osch's Jewellery Shoppe.
 22646 | D:11     | Found Kufrik Yphi's Weapon Boutique.
 22687 | D:11     | Found a staircase to the Orcish Mines.
 22692 | D:11     | Found Ludweh's Antique Armour Shop.
 22789 | D:11     | Bought a warped cloak for 237 gold pieces
 22789 | D:11     | Identified the +1 cloak "Tibuomn" {rElec rC++} (You bought
                  | it in a shop on level 11 of the Dungeon)
 22820 | D:11     | Found Diwuv's Jewellery Shop.
 22820 | D:11     | Found Oriorch's Armour Shoppe.
 22955 | D:11     | Noticed Erolcha
 22960 | D:11     | Killed Erolcha
 23186 | Orc:1    | Entered Level 1 of the Orcish Mines
 23802 | Orc:2    | Entered Level 2 of the Orcish Mines
 23896 | Orc:2    | Noticed an orc warlord
 23959 | Orc:1    | an orc warlord changed into a dire elephant
 24177 | Orc:2    | Found a staircase to the Elven Halls.
 24239 | Orc:2    | Found Viteafua's Antique Armour Shoppe.
 24252 | Orc:2    | Bought an encrusted plate armour for 868 gold pieces
 24252 | Orc:2    | Identified the +9 plate armour of Morality {rC+ Regen+
                  | Str+2} (You bought it in a shop on level 2 of the Orcish
                  | Mines)
 24308 | Orc:2    | Received a gift from Trog
 24378 | Orc:2    | Reached XP level 15. HP: 120/132 MP: 15/15
 24420 | Orc:2    | Found Jolathreh's Book Emporium.
 24492 | Orc:2    | Found Vegaqar's Antique Weapon Shoppe.
 24610 | Orc:2    | Found Zicod's General Store.
 24618 | Orc:2    | Bought a potion of haste for 120 gold pieces
 24618 | Orc:2    | Bought a scroll of noise for 12 gold pieces
 25205 | D:1      | Bought a potion of flight for 36 gold pieces
 25205 | D:1      | Bought a potion of magic for 96 gold pieces
 25205 | D:1      | Bought a potion of curing for 36 gold pieces
 25205 | D:1      | Bought a potion of mutation for 96 gold pieces
 25205 | D:1      | Bought a potion of curing for 36 gold pieces
 25205 | D:1      | Bought a potion of resistance for 120 gold pieces
 25205 | D:1      | Bought a potion of heal wounds for 60 gold pieces
 25205 | D:1      | Bought a potion of curing for 36 gold pieces
 25623 | D:12     | Found a runed translucent door.
 25623 | D:12     | Noticed Mipha's ghost (journeyman DjCj)
 25682 | D:12     | Noticed Amaemon
 25692 | D:12     | Killed Amaemon
 25727 | D:12     | Noticed Jorgrun
 25730 | D:12     | Noticed Maurice
 25739 | D:12     | Killed Maurice
 25741 | D:12     | Killed Jorgrun
 26172 | D:12     | Killed Mipha's ghost
 26317 | D:13     | Found a gate leading to a gauntlet.
 26352 | Gauntlet | Entered a Gauntlet
 26352 | Gauntlet | Found a transporter.
 26352 | Gauntlet | Found a transporter.
 26352 | Gauntlet | Found a transporter.
 26352 | Gauntlet | Found a transporter.
 26356 | Gauntlet | Found a transporter.
 26356 | Gauntlet | Found a transporter.
 26378 | Gauntlet | Found a transporter.
 26380 | Gauntlet | Found a transporter.
 26392 | Gauntlet | Found a transporter.
 26392 | Gauntlet | Found a transporter.
 26393 | Gauntlet | Found a transporter.
 26394 | Gauntlet | Found a transporter.
 26696 | Gauntlet | Identified the ring of the Invisible Hand {Wiz rPois rF-
                  | rC+}
 26708 | Gauntlet | Found the +5 scythe "Finisher" {speed, eviscerate}
 27086 | D:13     | Received a gift from Trog
 27403 | D:13     | Found Touriulorph's Elemental Accessories.
 27409 | D:13     | Bought a wand of iceblast (4) for 136 gold pieces
 27564 | D:13     | Found Qesihar's Magic Scroll Boutique.
 27570 | D:13     | Bought a scroll of teleportation for 45 gold pieces
 27570 | D:13     | Bought a scroll of teleportation for 45 gold pieces
 27570 | D:13     | Bought a scroll of teleportation for 45 gold pieces
 27570 | D:13     | Bought a scroll of fear for 52 gold pieces
 27570 | D:13     | Bought a scroll of identify for 30 gold pieces
 27570 | D:13     | Identified a scroll of acquirement
 27573 | D:13     | Acquired a manual of Armour
 28128 | D:14     | Paralysed by an ogre mage for 7 turns
 28207 | D:14     | Found a gate to the Vaults.
 28348 | D:14     | Found Ticiv's Antique Armour Emporium.
 28460 | D:14     | You fall into a shaft and drop 1 floor!
 28460 | D:15     | Entered Level 15 of the Dungeon
 28460 | D:15     | Found a staircase to the Depths.
 28468 | D:15     | Reached XP level 16. HP: 125/143 MP: 16/16
 28660 | D:15     | Paralysed by an ogre mage for 2 turns
 29623 | D:11     | Bought a ring of poison resistance for 260 gold pieces
 29729 | Swamp:1  | Entered Level 1 of the Swamp
 29791 | Swamp:1  | Received a gift from Trog
 30427 | Swamp:1  | Noticed a tentacled monstrosity
 30443 | Swamp:1  | Killed a tentacled monstrosity
 30444 | Swamp:1  | Reached skill level 15 in Axes
 30533 | Swamp:1  | Reached skill level 15 in Fighting
 30705 | Swamp:1  | Acquired 1129 gold pieces
 30851 | Swamp:2  | Found a white marble altar of Elyvilon.
 30881 | Swamp:2  | Received a gift from Trog
 31245 | Swamp:3  | Noticed Mlioglotl
 31252 | Swamp:3  | Noticed a lich
 31342 | Swamp:3  | HP: 3/217 [Mlioglotl (16)]
 31342 | Swamp:3  | HP: 1/217 [11-headed hydra[a spriggan druid] (2)]
 31342 | Swamp:3  | Demolished by an 11-headed hydra

Illustrated notes

Levels and vault maps discovered:
D:1:      minmay_arrival_wavy_path, layout_basic, serial_shops,
          nicolae_shop_trees
D:2:      layout_loops_ring
D:3:      minmay_octagon_keep, layout_basic, shapermc_ecumenical_altar_ellora,
          guppyfry_early_lair_pool
D:4:      layout_basic, kennysheep_dice, uniq_sigmund
D:5:      layout_basic, nicolae_gozag_zags_fifth_avenue, serial_bayou,
          serial_bayou_lake_a, serial_bayou_crossing, serial_bayou_pond_a,
          serial_bayou_lagoon_b, corexii_corridor_pit,
          minmay_misc_feat_ornament, uniq_menkaure
D:6:      layout_basic, mainiacjoe_overflow_tiny_flanked
D:7:      layout_cave_pods, mainiacjoe_overflow_concentric_impassable,
          minmay_temple_entry_butterflies, serial_park, serial_park_tiny_1,
          serial_park_gazebo [serial_park_minivault_5x5_2], serial_park_square3
          [serial_park_minivault_5x5_5], serial_park_tiny_pond,
          serial_park_square2, hangedman_abyss_or_decor_jellyfish_corner,
          uniq_pikel
D:8:      gammafunk_indiana_jones, layout_rooms
D:9:      layout_roguey [special_room_bee], grunt_dithmenos_smoke_and_mirrors,
          special_room [special_room_orc]
D:10:     layout_small_grid, minmay_lair_entry_grove, uniq_nergalle
D:11:     layout_cave_pools, david_orc_5, serial_bayou, serial_bayou_shore_a,
          serial_bayou_pond_a, serial_bayou_pond_b, serial_bayou_pond_d,
          serial_shops, nicolae_diamond_shop, shop_statue, shop,
          nicolae_stop_n_shop_2, nicolae_shop_temple_entry_statues_fountains,
          dk_vineyard_2, hangedman_abyss_or_decor_passed, nicolae_stop_n_shop_2,
          uniq_erolcha
D:12:     layout_long_grid, hellmonk_ghost_happy_afterlife, uniq_amaemon,
          uniq_maurice, uniq_jorgrun
D:13:     layout_grid_maze, serial_shops, shop_fountains,
          gauntlet_entry_generic, nicolae_elemental_shop
D:14:     layout_rooms, hangedman_vaults_entry_quadrant_bands,
          serial_bayou_ford_a, serial_shops, shop
D:15:     grunt_enter_depths_hoard, layout_long_grid, hex_tiny
Lair:1:   layout_gridlike, gammafunk_ghost_wrathful_warriors,
          kennysheep_rathole, grunt_megastairs_5
Lair:2:   layout_small_grid, dummy_snake_entry, hibernation_bobbens
Lair:3:   layout_cave_pods
Lair:4:   layout_regular_city, skrybe_swamp_entry_bodies,
          nicolae_lair_run_with_the_wolves, grunt_megastairs_3, uniq_sonja
Lair:5:   layout_loops_ring, minmay_slime_entry_jelly_boxes
Lair:6:   hellmonk_lair_end_abyssal_woods, layout_big_grid, minivault_25
Swamp:1:  layout_basic_swamp, nicolae_swamp_dense_foliage, swamp_pool1
Swamp:2:  layout_falls_marsh, basic_altar
Swamp:3:  layout_basic_swamp, evilmike_swamp_ruin_rubble_2, uniq_mlioglotl
Orc:1:    layout_caves
Orc:2:    grunt_orc_gardens, layout_diamond_mine, grunt_orc_garden,
          grunt_orc_garden, grunt_orc_garden, grunt_orc_garden

Skill      XL: |  1  2  3  4  5  6  7  8  9 10 11 12 13 14 15 16 |
---------------+-------------------------------------------------+-----
Armour         | 2 3 6 7 8 9 10 11 12 13 | 13.6
Dodging        | 2 |  2.2
Fighting       | 4 5 7 8 9 10 11 12 13 14 15 | 15.1
Axes           | 4 5 7 8 9 10 11 12 13 14 15 | 15.2
Shields        | 1 2 5 6 7 9 10 11 12 | 12.5
Evocations     | 1 2 5 7 8 9 |  9.7

Action                   |  1- 3 |  4- 6 |  7- 9 | 10-12 | 13-15 | 16-18 || total
-------------------------+-------+-------+-------+-------+-------+-------++-------
Melee: Hand axe          |    89 |   118 |    11 |       |       |       ||   218
       Tailslap          |     8 |    13 |    24 |    70 |   201 |    65 ||   381
       Punch             |     1 |       |       |       |       |       ||     1
       Broad axe         |       |       |   164 |   508 |    62 |   349 ||  1083
       War axe           |       |       |       |    70 |  1004 |     1 ||  1075
       Whip              |       |       |       |       |    29 |    22 ||    51
Throw: Throwing net      |       |       |       |     3 |       |       ||     3
Invok: Berserk           |     5 |     6 |     8 |    12 |    23 |     7 ||    61
       Trog's Hand       |       |     1 |     1 |     3 |    10 |     1 ||    16
       Brothers in Arms  |       |       |       |       |     1 |     1 ||     2
 Abil: Rolling Charge    |    13 |    28 |    18 |    22 |    85 |    12 ||   178
Evoke: Tin of tremorston |       |     2 |     1 |     3 |     3 |     3 ||    12
       Wand              |       |       |     3 |    17 |    42 |       ||    62
       Condenser vane    |       |       |       |       |     4 |     2 ||     6
       Phial of floods   |       |       |       |       |     1 |       ||     1
  Use: Scroll            |       |       |    10 |    10 |    16 |     2 ||    38
       Potion            |       |       |     1 |     1 |     1 |       ||     3
 Stab: Held in net/web   |       |       |       |     1 |       |       ||     1
       Paralysed         |       |       |       |     1 |     4 |       ||     5
       Petrifying        |       |       |       |     1 |       |       ||     1
       Distracted        |       |       |       |       |       |     1 ||     1
Armor: Animal skin       |    32 |     2 |       |       |       |       ||    34
       Chain mail        |       |    40 |   126 |   320 |   273 |       ||   759
       Skin              |       |       |       |    43 |       |       ||    43
       Plate armour      |       |       |       |       |   325 |   363 ||   688
Dodge: Dodged            |    48 |    32 |    40 |   126 |   224 |    92 ||   562
Block: Kite shield       |       |    27 |    86 |   268 |   525 |   264 ||  1170

Table legend: (Time is in decaauts)
 A = Elapsed time spent in this place.
 B = Non-inter-level travel time spent in this place.
 C = Inter-level travel time spent in this place.
 D = Time resting spent in this place.
 E = Time spent auto-exploring this place.
 F = Levels seen in this place.
 G = Mean time per level.
                   A        B        C        D        E       F      G
               +--------+--------+--------+--------+--------+-----+--------+
         Total |  32231 |  30302 |   1929 |   4616 |  18685 |  27 | 1193.7 |
       Dungeon |  17804 |  16715 |   1089 |   2282 |  10805 |  15 | 1186.9 |
          Lair |  10563 |   9833 |    730 |   1782 |   6132 |   6 | 1760.5 |
         Swamp |   1714 |   1671 |     43 |    347 |    801 |   3 |  571.3 |
  Orcish Mines |   1704 |   1638 |     66 |    153 |    947 |   2 |  852.0 |
      Gauntlet |    445 |    445 |      0 |     50 |      0 |   1 |  445.0 |
               +--------+--------+--------+--------+--------+-----+--------+

Top non-repeatable levels by time:
  Lair:3: 2677 daAuts
  Lair:4: 2360 daAuts
     D:9: 2034 daAuts
  Lair:6: 1825 daAuts
    D:10: 1767 daAuts
     D:4: 1368 daAuts
     D:5: 1343 daAuts
  Lair:1: 1331 daAuts
  Lair:5: 1298 daAuts
     D:7: 1291 daAuts
     D:8: 1272 daAuts
    D:13: 1148 daAuts
     D:1: 1121 daAuts
    D:15: 1112 daAuts
     D:3: 1099 daAuts
